 Dungeon Crawl Stone Soup version 0.28.0 (webtiles) character file.

Game seed: 16382541764554478963

18 RighteousDevil the Slasher (level 2, -5/24 HPs)
             Began as a Demonspawn Cinder Acolyte on Feb 5, 2022.
             Was a High Priest of Ignis.
             Slain by an orc (9 damage)
             ... on level 1 of the Dungeon.
             The game lasted 00:01:58 (1083 turns).

RighteousDevil the Slasher (DsCA)                   Turns: 1083, Time: 00:01:59

Health: -5/24      AC:  3    Str: 14    XL:     2   Next: 48%
Magic:  3/3        EV: 11    Int: 15    God:    Ignis [*****.]
Gold:   41         SH:  4    Dex:  8    Spells: 3/3 levels left

rFire   + . .      SeeInvis .   a - -1 falchion (flame)
rCold   . . .      Faith    .   (no shield)
rNeg    . . .      Spirit   .   b - +0 robe
rPois   .          Reflect  .   (no helmet)
rElec   .          Harm     .   (no cloak)
rCorr   .          Rampage  .   (no gloves)
Will    .....                   c - +0 pair of boots
Stlth   +.........              (no amulet)
HPRegen 0.08/turn               (no ring)
MPRegen 0.08/turn               (no ring)

@: hasted, very quick
A: condensation shield
a: Renounce Religion, Fiery Armour, Foxfire Swarm, Rising Flame


You were on level 1 of the Dungeon.
You worshipped Ignis.
Ignis was extremely pleased with you.
You visited 1 branch of the dungeon, and saw 2 of its levels.

You collected 41 gold pieces.

Inventory:

Hand Weapons
 a - a -1 falchion of flaming (weapon)
Armour
 b - a +0 robe (worn)
 c - a +0 pair of boots (worn)
Scrolls
 d - a scroll of identify {unknown}
 f - a scroll of holy word {unknown}
Potions
 e - a potion of haste
 g - a potion of mutation {unknown}


   Skills:
 - Level 3.0 Fighting
 + Level 3.1 Long Blades
 + Level 1.3 Dodging
 - Level 1.0 Spellcasting
 - Level 2.6 Fire Magic


You had 3 spell levels left.
You didn't know any spells.
Your spell library contained the following spells:

 Spells                   Type           Power      Damage    Failure   Level
 Scorch                   Fire           16%        2d5       12%         2


Dungeon Overview and Level Annotations

Branches:
Dungeon (2/15)

Altars:


Innate Abilities, Weirdness & Mutations

A meltable shield of frost defends you. (SH +4)


Message History

The endoplasm is moderately wounded.
The endoplasm freezes you.
You are frozen.
You barely miss the endoplasm.
The endoplasm is moderately wounded.
The endoplasm freezes you.
You are frozen.
You hit the endoplasm. You burn the endoplasm.
You kill the endoplasm!
No target in view!
No target in view!
No target in view!
g - a fuming inky potion A sourceless malevolence fills the Dungeon...
You fall into a shaft and drop 1 floor!
The shaft crumbles and collapses.
A bat and 3 orcs come into view.
The orc shouts! x3; You hear a shout! x2
Found a leather armour.
Found a stone staircase leading up.
An orc comes into view. It is wielding a +0 short sword.
The orc shouts!
The orc misses you.
You see here a +0 leather armour.
Found 18 bolts.
You block the orc's attack. The orc hits you but does no damage.
There is a stone staircase leading up here.
The bat misses you. The orc hits you with a +0 flail!
You climb upwards.
There is a stone staircase leading down here.
You closely miss the orc. You block the bat's attack. The bat misses you.
The orc hits you with a +0 flail.
You barely miss the orc. The bat hits you. The bat closely misses you.
The orc barely misses you. The bat hits you. The orc hits you with a +0 flail.
You miss the bat. The bat hits you but does no damage.
The orc hits you with a +0 flail!
* * * LOW HITPOINT WARNING * * *
It was a potion of haste.
You feel yourself speed up. The bat hits you but does no damage.
The orc hits you with a +0 flail!
You die...

.#.#####'##.# #.# #######.
.#.#......#.###.#####♣♣♣♣♣♣♣♣♣
#.
.#.#......#.........#♣.......♣
##
.#.#......#......##.#♣.PPPPP.♣
.#.#......#......##.#♣.P≈≈≈P.♣
.+....######.....##.#♣.P≈8≈P.♣
.#.#### #.....##.#♣.P≈≈≈P.♣
...# #..bo.##.#♣.PPPPP.♣ ####
#...>@##.#♣<......♣ ########
########.#♣♣♣.♣♣♣♣♣###
.#...... .##### #.# #.........
........
.._...####.#####........
.#......
........................
.#......
............####........
.#......
............####..).....
........
........................
.#......
.......)................


You could see an orc and a bat.

Vanquished Creatures
  3 ball pythons (D:1)
  2 endoplasms (D:1)
  A goblin (D:1)
  4 hobgoblins (D:1)
  2 bats (D:1)
  3 kobolds (D:1)
  2 rats (D:1)
17 creatures vanquished.

Notes
Turn   | Place    | Note
-------+----------+-------------------------------------------
     0 | D:1      | RighteousDevil the Demonspawn Cinder Acolyte began the
                  | quest for the Orb.
     0 | D:1      | Reached XP level 1. HP: 18/18 MP: 2/2
    11 | D:1      | Found a faded altar of an unknown god.
   340 | D:1      | Reached skill level 1 in Dodging
   340 | D:1      | Gained mutation: A meltable shield of frost defends you.
                  | (SH +4) [demonic ancestry]
   340 | D:1      | Reached XP level 2. HP: 19/24 MP: 3/3
  1074 | D:1      | You fall into a shaft and drop 1 floor!
  1083 | D:1      | Slain by an orc

Illustrated notes

Levels and vault maps discovered:
D:1:      tarquinn_simple_flora_water_a, layout_basic, basic_ecumenical_altar,
          minmay_fountain_box, nicolae_concentric_dashed_squares_mild
D:2:      layout_basic

Skill      XL: |  1 |
---------------+----+-----
Long Blades    | 3 |  3.1
Dodging        | 1 |  1.3
Fighting       | |  3.0
Spellcasting   | |  1.0
Fire Magic     | |  2.6

Action                   || total
-------------------------++-------
Melee: Falchion          ||    49
       Punch             ||     1
  Use: Potion            ||     1
Armor: Robe              ||    15
Dodge: Dodged            ||    41
Block: Other             ||     7
